 Dungeon Crawl Stone Soup version 0.32-a0-818-gb728d0252e (webtiles) character file.

Game seed: 7890885961720641352

29 porpoise the Poker (level 3, 0/28 HPs)
             Began as a Demonspawn Gladiator on Mar 25, 2024.
             Slain by an orc priest
             ... wielding a +0 dagger
              (1 damage)
             ... on level 2 of the Dungeon.
             The game lasted 00:03:38 (915 turns).

porpoise the Poker (Demonspawn Gladiator)            Turns: 915, Time: 00:03:38

Health: 0/28       AC:  3    Str: 16    XL:     3   Next: 1%
Magic:  3/3        EV: 11    Int:  8    God:
Gold:   79         SH:  0    Dex: 14    Spells: 2/2 levels left

rFire   . . .        a - +0 trident
rCold   . . .        (no shield)
rNeg    . . .        b - +0 leather armour
rPois   .            (helmet restricted)
rElec   .            (no cloak)
rCorr   .            (no gloves)
SInv    .            (no boots)
Will    .....        (no amulet)
Stlth   +            (no ring)
HPRegen 0.24/turn    (no ring)
MPRegen 0.08/turn

%: no passive effects
@: no status effects
A: antennae 1, claws 1
a: Convert to Beogh


You were on level 2 of the Dungeon.
You visited 1 branch of the dungeon, and saw 2 of its levels.

You collected 79 gold pieces.

Inventory:

Hand Weapons
 a - a +0 trident (weapon)
Missiles
 d - 3 throwing nets (quivered)
 e - a javelin
Armour
 b - a +0 leather armour (worn)
 c - a +0 helmet
Potions
 f - a potion of haste {unknown}


   Skills:
 + Level 2.5 Fighting
 + Level 3.5 Polearms
 - Level 1.7 Throwing
 - Level 2.6 Dodging
 + Level 0.0 Unarmed Combat


You had 2 spell levels left.
You didn't know any spells.
Your spell library was empty.

Dungeon Overview and Level Annotations

Branches:
Dungeon (2/15)

Altars:


Innate Abilities, Weirdness & Mutations

You have a pair of small antennae on your head.
You have sharp fingernails.


Message History

The orc priest threatens, "Beogh's wrath is as vast as their mercy.
Make your choice!" (press Y on the ability menu to convert to Beogh)
You closely miss the orc.
The orc priest miscasts a cantrip.
The orc closely misses you.
You hit the orc but do no damage.
A rat comes into view.
You completely miss the orc. The orc hits you with a +0 whip.
You hit the orc wizard.
The orc wizard is moderately wounded.
The orc hits you but does no damage.
The orc wizard hits you but does no damage.
You barely miss the orc wizard.
The orc wizard is moderately wounded.
A rat comes into view.
The orc priest calls upon Beogh to heal the orc wizard.
The orc wizard's wounds heal themselves!
The orc hits you with a +0 whip.
The orc wizard hits you with a +2 dagger of freezing.
The orc wizard freezes you.
The rat squeaks loudly.
You are too injured to fight recklessly!
You are too injured to fight recklessly!
Unknown command.
You hit the orc priest.
The orc priest is lightly wounded.
The orc priest hits you with a +0 dagger.
The orc unwields a +0 sling.
The orc wields a +0 club.
The orc hits you but does no damage. The orc barely misses you.
The orc wizard hits you with a +2 dagger of freezing.
* * * LOW HITPOINT WARNING * * *
The orc wizard freezes you.
* * * LOW HITPOINT WARNING * * *
The orc hits you with a +0 whip.
* * * LOW HITPOINT WARNING * * *
The orc wizard casts a spell.
The orc wizard flickers and vanishes!
Deactivating autopickup; reactivate with Ctrl-A.
The orc priest hits you with a +0 dagger.
You die...

#.. .. .. . .### ...
..# ..r.####.##
#....o...#
#...r{@..####
#....oo.....#### ###
#.....####.....###..
#.......##.........#
#..##..............####
#.. ..>................
#. #...##.............
# #.#.##.........#...
#........####......


You could see an orc priest, 2 orcs and 2 rats.

Vanquished Creatures
  3 endoplasms
  3 giant cockroaches
  A goblin (D:2)
  4 hobgoblins
  3 kobolds (D:1)
  A quokka (D:2)
  2 ball pythons (D:1)
  4 bats (D:1)
  2 frilled lizards (D:1)
  3 rats
26 creatures vanquished.

Notes
Turn   | Place    | Note
-------+----------+-------------------------------------------
     0 | D:1      | porpoise the Demonspawn Gladiator began the quest for the
                  | Orb.
     0 | D:1      | Reached XP level 1. HP: 16/16 MP: 1/1
    62 | D:1      | Reached skill level 3 in Polearms
   150 | D:1      | Discovered your monstrous ancestry.
   150 | D:1      | Gained mutation: You have sharp fingernails. [demonic
                  | ancestry]
   150 | D:1      | Reached XP level 2. HP: 22/22 MP: 2/2
   222 | D:1      | Found a faded altar of an unknown god.
   850 | D:2      | Gained mutation: You have a pair of small antennae on your
                  | head. [demonic ancestry]
   850 | D:2      | Reached XP level 3. HP: 18/28 MP: 3/3
   915 | D:2      | HP: 1/28 [orc/+0 whip (2)]
   915 | D:2      | Slain by an orc priest

Illustrated notes

Levels and vault maps discovered:
D:1:      grunt_arrival_lava_bath, layout_basic, ebering_ecumenical_altar_webs
D:2:      layout_rooms, kennysheep_generic_room_15

Skill      XL: |  1 |
---------------+----+-----
Polearms       | 3 |  3.5
Fighting       | |  2.5
Throwing       | |  1.7
Dodging        | |  2.6

Action                     || total
---------------------------++-------
  Melee: Trident           ||    88
   Stab: Sleeping          ||     1
 Armour: Leather armour    ||    45
  Dodge: Dodged            ||    48

Table legend: (Time is in decaauts)
 A = Elapsed time spent in this place.
 B = Non-inter-level travel time spent in this place.
 C = Inter-level travel time spent in this place.
 D = Time resting spent in this place.
 E = Time spent auto-exploring this place.
 F = Levels seen in this place.
 G = Mean time per level.
                   A        B        C        D        E       F      G
               +--------+--------+--------+--------+--------+-----+--------+
         Total |    926 |    900 |     26 |    257 |    449 |   2 |  463.0 |
       Dungeon |    926 |    900 |     26 |    257 |    449 |   2 |  463.0 |
               +--------+--------+--------+--------+--------+-----+--------+

Top non-repeatable levels by time:
     D:1: 623 daAuts
     D:2: 302 daAuts
